AoeStats
← Reis

African Clearing

505667818Analyzed
4v4 RM · 23d ago on Sep 10, 2026· 37m 57s· 8 players
Game mode
Random Map
Map size
Large (8 player)
Population
200
Speed
Normal
Resources
Standard
Victory
Conquest
Starting age
Dark Age
Ending age
Imperial Age
RankedLock teamsTeams togetherTeam positionsShared explorationLock speedFull tech treeHidden civsTurbo modeCheats
Victory
Defeat
🇨🇳 Wei · China
1526
+12
🇨🇳 Mapuche · China
1516
+12
🇨🇳 Khmer · China
1470
+14
🇨🇳 Huns · China
1409
+16
🇨🇭 Bulgarians · Switzerland
1463
-15
🇮🇳 Armenians · India
1449
-14
🇭🇰 Malay · Hong Kong SAR China
1445
-14
🇫🇷 Berbers · France
1351
-11
Steve
8:56 Loom
12:57 Feudal Age
18:50 Castle Age
18:20 Forging
17:51 Pikeman
20:32 Town Watch
21:23 Wheelbarrow
21:51 Double-Bit Axe
24:03 Squires
24:33 Horse Collar
27:26 Crossbowman
28:36 Hand Cart
29:11 Gold Mining
29:34 Stone Mining
30:51 Fletching
31:55 Bow Saw
34:16 Bodkin Arrow
35:27 Ballistics
35:51 Gold Shaft Mining
40:03 Imperial Age
Reis
6:42 Loom
13:25 Feudal Age
18:28 Castle Age
16:29 Double-Bit Axe
19:21 Fletching
20:00 Scale Barding Armor
24:15 Bodkin Arrow
TruiteSauvage
9:19 Loom
11:59 Feudal Age
12:48 Double-Bit Axe
14:10 Horse Collar
24:12 Castle Age
22:27 Gold Mining
23:38 Scale Barding Armor
23:50 Bloodlines
23:59 Forging
25:06 Husbandry
33:02 Chain Barding Armor
36:05 Wheelbarrow
36:57 Iron Casting
The Sage
10:30 Loom
12:37 Feudal Age
16:56 Castle Age
14:51 Double-Bit Axe
15:05 Double-Bit Axe
16:07 Horse Collar
16:20 Gold Mining
19:58 Bow Saw
22:53 Fletching
24:13 Bodkin Arrow
24:23 Padded Archer Armor
27:39 Ballistics
29:30 Leather Archer Armor
32:12 Wheelbarrow
31:24 Town Watch
35:56 Imperial Age
35:12 Coinage
35:26 Scale Mail Armor
35:36 Forging
35:44 Hand Cart
36:39 Bracer
36:01 Elite Composite Bowman
37:46 Chemistry
36:17 Pikeman
36:57 Squires
Mick...
3:04 Loom
14:01 Feudal Age
18:05 Castle Age
17:36 Double-Bit Axe
19:58 Horse Collar
21:50 Heavy Plow
22:38 Bow Saw
26:50 Wheelbarrow
27:37 Gold Mining
29:27 Stone Mining
30:13 Gold Shaft Mining
30:12 Husbandry
30:22 Bloodlines
31:01 Hand Cart
31:39 Scale Barding Armor
31:44 Forging
34:23 Imperial Age
31:54 Marauders
32:49 Chain Barding Armor
34:33 Iron Casting
34:58 Elite Tarkan
35:59 Conscription
36:31 Plate Barding Armor
37:41 Blast Furnace
江哥
10:36 Loom
13:15 Feudal Age
14:23 Double-Bit Axe
18:19 Castle Age
16:44 Gold Mining
17:16 Fletching
18:21 Padded Archer Armor
19:31 Bow Saw
21:49 Bodkin Arrow
24:06 Ballistics
27:20 Wheelbarrow
27:00 Leather Archer Armor
34:22 Horse Collar
35:18 Gold Shaft Mining
34:34 Stone Mining
37:49 Imperial Age
35:49 Heavy Plow
35:57 Heavy Plow
36:39 Stone Shaft Mining
36:57 Hand Cart
36:28 Town Watch
37:33 Treadmill Crane
世一上、
14:21 Feudal Age
15:13 Double-Bit Axe
18:10 Castle Age
16:32 Fletching
16:35 Loom
16:36 Town Watch
17:50 Padded Archer Armor
18:50 Bodkin Arrow
23:16 Wheelbarrow
23:00 Bow Saw
25:55 Bloodlines
29:29 Horse Collar
33:39 Ballistics
36:24 Husbandry
39:05 Imperial Age
2468899547
8:08 Loom
12:09 Feudal Age
13:05 Double-Bit Axe
18:18 Horse Collar
21:51 Scale Barding Armor
25:59 Castle Age
24:08 Gold Mining
24:49 Forging
26:28 Bloodlines
27:28 Bow Saw
27:21 Heavy Plow
27:46 Stone Mining
28:35 Chain Barding Armor
28:51 Iron Casting
31:24 Wheelbarrow
30:35 Town Watch
31:49 Husbandry
33:23 Gold Shaft Mining
Connection lost

Rejoining the realm…

Still unreachable

The connection could not be restored.

Session expired

The server has moved on; the page needs a fresh start.